 Dungeon Crawl Stone Soup version 0.31.0-32-g396128a36d (webtiles) character file.

Game seed: 15661350242484404314

3035 PaiMei the Zephyrmancer (level 9, -8/81 HPs)
             Began as a Tengu Air Elementalist on Mar 19, 2024.
             Mangled by a red ugly thing (11 damage)
             ... on level 7 of the Dungeon.
             The game lasted 00:12:37 (9494 turns).

PaiMei the Zephyrmancer (Tengu Air Elementalist)    Turns: 9494, Time: 00:12:37

Health: -8/81      AC: 28    Str: 13    XL:     9   Next: 86%
Magic:  12/18      EV:  2    Int: 20    God:
Gold:   371        SH:  5    Dex: 14    Spells: 9/19 levels left

rFire   + . .        J - +4 dagger (flame)
rCold   + . .        (no shield)
rNeg    . . .        t - melded +0 robe {rF+}
rPois   +            (helmet currently unavailable)
rElec   +            (cloak currently unavailable)
rCorr   +            (gloves currently unavailable)
SInv    .            (boots unavailable)
Will    ++...        C - amulet of reflection
Stlth   ++           F - +4 ring of protection
HPRegen 0.33/turn    x - +6 ring of strength
MPRegen 0.16/turn

%: reflection, acrobat
@: brilliant, tree-form, resistant, enlightened
A: stationary, stasis, torment immunity, boosted hp, (beak), (talons 3), evasive
flight, acrobatic, strong-willed 1, weak 1
a: no special abilities


You were on level 7 of the Dungeon.
You were a tree.
You visited 1 branch of the dungeon, and saw 7 of its levels.
You also visited: Sewer.

You collected 371 gold pieces.

Inventory:

Hand Weapons
 D - a +1 whip of electrocution
 J - a +4 dagger of flaming (weapon)
 K - a +1 long sword of freezing
Missiles
 z - 8 poisoned darts (quivered)
Armour
 i - a +0 leather armour
 q - a +0 buckler
 t - a +0 robe of fire resistance (melded)
Magical Staves
 p - a staff of conjuration
Jewellery
 g - a ring of protection from cold
 x - a +6 ring of strength (right branch)
 C - an amulet of reflection (around neck)
 F - a +4 ring of protection (left branch)
 G - a ring of fire
Wands
 l - a wand of charming (6)
 s - a wand of polymorph (4)
Scrolls
 a - 2 scrolls of enchant weapon {unknown}
 c - 4 scrolls of identify {unknown}
 d - a scroll of torment {unknown}
 e - 3 scrolls of teleportation {unknown}
 f - 2 scrolls of immolation {unknown}
 m - a scroll of revelation {unknown}
 o - a scroll of blinking {unknown}
 v - 3 scrolls of fog {unknown}
 w - 2 scrolls of enchant armour {unknown}
 y - 2 scrolls of vulnerability {unknown}
 A - a scroll of noise {unknown}
 B - 2 scrolls of poison {unknown}
Potions
 b - 3 potions of magic
 j - 2 potions of mutation
 n - a potion of attraction {unknown}
 r - a potion of lignification
 u - a potion of ambrosia {unknown}
 E - a potion of resistance
 H - a potion of heal wounds {unknown}
 I - a potion of curing {unknown}


   Skills:
 + Level 5.3 Fighting
 + Level 6.9 Dodging
 - Level 3.0 Stealth
 + Level 5.7 Spellcasting
 + Level 7.9 Conjurations
 + Level 8.8 Air Magic


You had 9 spell levels left.
You knew the following spells:

 Your Spells              Type           Power      Damage    Failure   Level
a - Shock                 Conj/Air       100%       1d9       1%          1
b - Static Discharge      Conj/Air       100%       3-8/arc   1%          2
c - Swiftness             Air            58%        N/A       1%          3
d - Airstrike             Air            29%        2d(5-21)  2%          4

Your spell library contained the following spells:

 Spells                   Type           Power      Damage    Failure   Level
 Magic Dart               Conj           100%       1d8       1%          1
 Searing Ray              Conj           100%       2d8       1%          2
 Fulminant Prism          Conj/Alch      16%        3d10      21%         4
 Call Canine Familiar     Summ           8%         N/A       32%         3
 Sigil of Binding         Hex            8%         N/A       32%         3
 Silence                  Hex/Air        17%        N/A       43%         5
 Dimensional Bullseye     Hex/Tloc       4%         N/A       71%         4
 Passage of Golubria      Tloc           8%         N/A       71%         4
 Lehudib's Crystal Spear  Conj/Erth      16%        10d5      100%        8


Dungeon Overview and Level Annotations

Branches:
Dungeon (7/15)              Sewer (visited)
 Temple: D:4-7

Altars:
Cheibriados
Dithmenos
Elyvilon
Nemelex Xobeh
Okawaru
Wu Jian
Zin

Annotations:
D:3 2 transporters
D:7 3 runed translucent doors, Alphaeus's ghost, novice TrSh; cdecastro's ghost, novice HuNe; middlethird's ghost, novice VSCj


Innate Abilities, Weirdness & Mutations

You are a tree.
Your roots penetrate the ground, keeping you stationary.
You cannot be teleported.
You are immune to unholy pain and torment.
Your maximum health is greatly increased.
Your equipment is partially melded.
((You have a beak for a mouth.))
((You have claws for feet.))
Your magical flight helps you evade attacks. (EV +4)
You can magically evade attacks while moving or waiting.
You are strong-willed. (Will+)
You are weak. (Str -2)


Message History

Pain shoots through your body!
The red ugly thing completely misses you.
The shadow imp gestures at you. Pain shoots through your body!
The red ugly thing attacks as it pursues you!
The red ugly thing completely misses you.
Casting: Airstrike (dangerous; 2% risk of failure)
Confirm with . or Enter, or press ? or * to list all spells.
Aiming: Shock (safe; 1% risk of failure)
Press: ? - help, Shift-Dir - straight line, f/p - red ugly thing
Aim: a red ugly thing (moderately wounded, 74% to hit)
Okay, then.
The shadow imp completely misses you.
The red ugly thing attacks as it pursues you!
The red ugly thing closely misses you.
It was a potion of mutation.
You feel extremely strange.
You feel strong-willed.
You feel weaker. The shadow imp misses you.
The red ugly thing barely misses you.
It was a potion of lignification.
You turn into a tree.
Your +0 robe of fire resistance melds into your body.
You feel less resistant to fire.
Your roots penetrate the ground.
The shadow imp hits you but does no damage.
The red ugly thing pecks you!
* * * LOW HITPOINT WARNING * * *
You are engulfed in flames!!
* * * LOW HITPOINT WARNING * * *
It was a potion of resistance.
You feel protected. You block the shadow imp's attack.
The red ugly thing pecks you but does no damage.
It was a potion of enlightenment.
Your roots keep you in place.
The shadow imp hits you but does no damage.
The red ugly thing pecks you but does no damage.
It was a potion of brilliance.
You feel clever all of a sudden.
The shadow imp hits you but does no damage.
The red ugly thing pecks you.
* * * LOW HITPOINT WARNING * * *
You are engulfed in flames!
You resist.
You die...

#### +# #.?? #. .#
... #.# .# #######
##.#.##.# #.....#
## #......5#
#.._..# ##. #.#♣#
#.....# . #..##
#.#u# #####'### #.
#...### #.#.#
#.###.# . #....
#...# #.....#
########.#####.###
#.#####
...............#
#.#
##....#.###'####
###.#
##....#.....#
#...#
##....#.....#
##.###


You could see a red ugly thing and a shadow imp.

Vanquished Creatures
  Pikel (D:5)
  Grinder (D:6)
  Prince Ribbit (D:5)
  Sigmund (D:3)
  2 water moccasins
  An orc warrior (D:7)
  An ice beast (D:7)
  A sky beast (D:7)
  2 ogres
  A lemure (D:5)
  2 phantoms
  2 brain worms (Sewer)
  Blork the orc (D:5)
  2 bullfrogs (D:7)
  A scorpion (D:5)
  2 howler monkeys (D:5)
  2 bombardier beetles
  3 hounds
  An orc priest (D:5)
  A gnoll bouda (D:5)
  A sleepcap (D:5)
  Jessica (D:3)
  Natasha (thrice) (D:3)
  3 iguanas
  2 orc wizards (D:5)
  3 gnolls
  15 adders
  3 river rats
  A shadow imp (D:6)
  2 ufetubi (D:6)
  3 dart slugs
  4 ribbon worms
  21 orcs
  4 endoplasms
  6 goblins
  10 hobgoblins
  9 kobolds
  7 quokkas
  7 ball pythons
  4 bats
  9 frilled lizards
  11 rats
158 creatures vanquished.

Notes
Turn   | Place    | Note
-------+----------+-------------------------------------------
     0 | D:1      | PaiMei the Tengu Air Elementalist began the quest for the
                  | Orb.
     0 | D:1      | Reached XP level 1. HP: 10/10 MP: 4/4
   358 | D:1      | Reached XP level 2. HP: 15/15 MP: 3/6
   916 | D:2      | Reached XP level 3. HP: 19/19 MP: 4/7
   919 | D:2      | Learned a level 2 spell: Static Discharge
  1695 | D:2      | Reached XP level 4. HP: 24/24 MP: 6/8
  2322 | D:3      | Found a transporter.
  2486 | D:3      | Reached XP level 5. HP: 28/28 MP: 3/10
  2621 | D:3      | Found a snail-covered altar of Cheibriados.
  2691 | D:3      | Noticed Natasha
  2696 | D:3      | Killed Natasha
  2741 | D:3      | Noticed Sigmund
  2748 | D:3      | Noticed Jessica
  3080 | D:3      | Found a transporter.
  3082 | D:3      | Noticed Natasha
  3089 | D:3      | Killed Natasha
  3090 | D:3      | Reached skill level 5 in Air Magic
  3175 | D:3      | Killed Jessica
  3176 | D:3      | Reached skill level 1 in Fighting
  3176 | D:3      | Reached XP level 6. HP: 34/34 MP: 8/11
  3405 | D:3      | Noticed Natasha
  3632 | D:3      | Killed Sigmund
  3818 | D:3      | Killed Natasha
  4084 | D:4      | Gained mutation: Your magical flight helps you evade
                  | attacks. (EV +4) [Tengu growth]
  4084 | D:4      | Reached XP level 7. HP: 38/40 MP: 7/13
  5496 | D:4      | Reached skill level 6 in Air Magic
  5595 | D:5      | Entered Level 5 of the Dungeon
  5699 | D:5      | Noticed Prince Ribbit
  5709 | D:5      | Killed Prince Ribbit
  5710 | D:5      | Reached skill level 5 in Conjurations
  5710 | D:5      | Reached XP level 8. HP: 22/46 MP: 4/15
  5944 | D:5      | Noticed Blork the orc
  5971 | D:5      | Killed Blork the orc
  5977 | D:5      | Reached skill level 5 in Dodging
  6361 | D:5      | Reached skill level 7 in Air Magic
  6516 | D:5      | Noticed Pikel
  6541 | D:5      | Killed Pikel
  6542 | D:5      | Reached XP level 9. HP: 32/52 MP: 6/17
  7055 | D:6      | Learned a level 3 spell: Swiftness
  7060 | D:6      | Learned a level 4 spell: Airstrike
  7193 | D:5      | Reached skill level 5 in Spellcasting
  7377 | D:6      | Reached skill level 8 in Air Magic
  7382 | D:6      | Found a glowing drain.
  7445 | Sewer    | Entered a sewer
  8166 | D:6      | Noticed Grinder
  8179 | D:6      | Paralysed by Grinder for 4 turns
  8186 | D:6      | Killed Grinder
  8545 | D:6      | Found a shadowy altar of Dithmenos.
  8692 | D:7      | Reached skill level 5 in Fighting
  8919 | D:7      | Found an iron altar of Okawaru.
  9285 | D:7      | Found a white marble altar of Elyvilon.
  9289 | D:7      | Found a sparkling altar of Nemelex Xobeh.
  9294 | D:7      | Found an ornate altar of the Wu Jian Council.
  9356 | D:7      | Found a glowing silver altar of Zin.
  9423 | D:7      | Found a runed translucent gate.
  9423 | D:7      | Found a runed translucent gate.
  9423 | D:7      | Found a runed translucent gate.
  9424 | D:7      | Noticed cdecastro's ghost (novice HuNe)
  9424 | D:7      | Noticed middlethird's ghost (novice VSCj)
  9425 | D:7      | Noticed Alphaeus's ghost (novice TrSh)
  9465 | D:7      | Noticed a red ugly thing
  9490 | D:7      | Gained mutation: You are strong-willed. (Will+) [potion of
                  | mutation]
  9490 | D:7      | Gained mutation: You are weak. (Str -2) [potion of
                  | mutation]
  9491 | D:7      | HP: 4/81 [red ugly thing (18)]
  9494 | D:7      | Mangled by a red ugly thing

Illustrated notes

Levels and vault maps discovered:
D:1:      eino_arrival_tree_alley, layout_loops_ring
D:2:      layout_loops_ring
D:3:      gammafunk_wand_slinger, layout_rooms, kennysheep_slug_shrine,
          uniq_natasha, uniq_sigmund, uniq_jessica
D:4:      layout_layer_cave
D:5:      layout_basic, uniq_pikel, uniq_blork_the_orc, uniq_prince_ribbit1
D:6:      layout_cave_pools, mainiacjoe_overflow_chevrons, portal_sewer_entry_a,
          nicolae_zig_zag_zippers, uniq_grinder
D:7:      layout_basic, minmay_overflow_temple_star_quad,
          mainiacjoe_overflow_paths, zin_scriptorium,
          minmay_temple_entry_proselytizer, gammafunk_ghost_cemetery,
          minmay_the_grid_2x2 [minmay_the_grid_fan, minmay_the_grid_pillar_ring,
          minmay_the_grid_small_cups, minmay_the_grid_prize_inner_circle]

Skill      XL: |  1  2  3  4  5  6  7  8  9 |
---------------+----------------------------+-----
Conjurations   | 2 3 4 5 6 7 |  7.9
Dodging        | 3 4 5 6 |  6.9
Stealth        | 3 |  3.0
Spellcasting   | 3 4 5 |  5.7
Air Magic      | 5 6 7 8 |  8.8
Fighting       | 1 2 3 4 5 |  5.3

Action                     |  1- 3 |  4- 6 |  7- 9 || total
---------------------------+-------+-------+-------++-------
  Melee: Unarmed           |    11 |       |       ||    11
         Kick              |     4 |     1 |     9 ||    14
         Spear             |     4 |     8 |     9 ||    21
         Peck              |     1 |     1 |     6 ||     8
         Dagger            |       |       |    13 ||    13
         Whip              |       |       |    11 ||    11
   Cast: Shock             |    62 |   119 |   317 ||   498
         Static Discharge  |       |       |     5 ||     5
         Airstrike         |       |       |     4 ||     4
         Swiftness         |       |       |     1 ||     1
    Use: Potion            |       |       |     5 ||     5
 Armour: Robe              |    11 |    26 |    50 ||    87
         Skin              |       |       |     7 ||     7
  Dodge: Dodged            |    23 |    37 |   110 ||   170
  Block: Other             |       |       |    19 ||    19
